 Dungeon Crawl Stone Soup version 0.25-b1-39-g0d900dab71 (webtiles) character file.

Game seed: 5972974010075466680

40 markt42 the Covered (level 3, -1/20 HPs)
             Began as a Gargoyle Fighter on June 7, 2020.
             Slain by an adder (2 damage)
             ... on level 2 of the Dungeon.
             The game lasted 00:01:04 (962 turns).

markt42 the Covered (Gargoyle Fighter)               Turns: 962, Time: 00:01:05

Health: -1/20      AC: 10    Str: 20      XL:     3   Next: 50%
Magic:  3/3        EV:  7    Int:  7 (8)  God:
Gold:   52         SH:  9    Dex:  9      Spells: 2/2 levels left

rFire    . . .     SeeInvis .   a - +0 flail
rCold    + . .     Gourm    .   c - +0 kite shield
rNeg     + . .     Faith    .   b - +0 scale mail
rPois    ∞         Spirit   .   (no helmet)
rElec    +         Reflect  .   (no cloak)
rCorr    .         Harm     .   (no gloves)
MR       .....                  (no boots)
Stlth    ..........             (no amulet)
HPRegen  0.06/turn              (no ring)
MPRegen  0.08/turn              (no ring)

@: mighty
A: cold resistance 1, deterioration 1, frail 1, negative energy resistance 1,
electricity resistance, unbreathing, petrification resistance, rot immunity, AC
+3
a: no special abilities


You were on level 2 of the Dungeon.
You were not hungry.

You visited 1 branch of the dungeon, and saw 2 of its levels.

You collected 52 gold pieces.

Inventory:

Hand Weapons
 a - a +0 flail (weapon)
Armour
 b - a +0 scale mail (worn)
 c - a +0 kite shield (worn)
 i - a +0 chain mail
Scrolls
 e - 3 scrolls of identify {unknown}
Potions
 d - 2 potions of might
Comestibles
 f - 4 rations


   Skills:
 + Level 3.6 Fighting
 * Level 2.5 Maces & Flails
 * Level 3.9 Armour
 + Level 3.6 Shields


You had 2 spell levels left.
You didn't know any spells.
Your spell library was empty.

Dungeon Overview and Level Annotations

Branches:
Dungeon (2/15)

Altars:


Innate Abilities, Weirdness & Mutations

You are resistant to torment.
Your stone body is resilient. (AC +3)
You are immune to poison.
You resist negative energy. (rN+)
You are resistant to electric shocks. (rElec)
You can survive without breathing.
You are immune to petrification.
You are immune to rotting.
Your flesh is cold resistant. (rC+)
Your body sometimes deteriorates upon taking damage.
You are frail. (-10% HP)


Message History

The crimson imp blinks!
You block the adder's attack. You block the adder's attack.
An ooze comes into view.
A rat comes into view.
You block the adder's attack.
You see here a scroll labeled XOC NUBULEEFIT.
You block the adder's attack. You block the adder's attack.
The crimson imp blinks!
The adder bites you but does no damage. The adder barely misses you.
You feel very mighty all of a sudden. The adder bites you.
* * * LOW HITPOINT WARNING * * *
Your body deteriorates!
You feel dopey.
Okay, then.
Your shield and scale mail prevent you from hitting the adder.
The adder is severely wounded.
The adder bites you.
You die...

#...........# #..........#
.. #..........# ...
#..........### ...##
#..............
.....#####..<.......###
......................
..............###.###.
###....##@##.# #.#
##..###S##?###.#
###....#gJ......#
#......rr.....).### $
##.###.r$......?†..#....
#..##........>.........#
####.###...........†)...#.#
#.......................#
#.......................#


You could see an ooze, an adder, a hobgoblin and 2 rats.

Vanquished Creatures
  A gnoll (D:1)
  An adder (D:2)
  2 giant cockroaches
  3 goblins
  2 hobgoblins (D:1)
  3 jackals (D:1)
  A bat (D:1)
  4 kobolds (D:1)
  5 rats (D:1)
22 creatures vanquished.

Notes
Turn   | Place    | Note
-------+----------+-------------------------------------------
     0 | D:1      | markt42 the Gargoyle Fighter began the quest for the Orb.
     0 | D:1      | Reached XP level 1. HP: 14/14 MP: 1/1
    36 | D:1      | Reached XP level 2. HP: 19/19 MP: 2/2
   306 | D:1      | Reached XP level 3. HP: 21/23 MP: 3/3
   932 | D:2      | Gained mutation: Your body sometimes deteriorates upon
                  | taking damage. [potion of mutation]
   932 | D:2      | Gained mutation: You are frail. (-10% HP) [potion of
                  | mutation]
   932 | D:2      | Gained mutation: Your flesh is cold resistant. (rC+)
                  | [potion of mutation]
   961 | D:2      | HP: 1/20 [adder (3)]
   962 | D:2      | Slain by an adder

Illustrated notes

Levels and vault maps discovered:
D:1:      minmay_arrival_radiant_lines, layout_basic, minmay_pentomino_w4
D:2:      layout_rooms, minmay_unequal

Action                   || total
-------------------------++-------
Melee: Flail             ||   101
  Use: Potion            ||     2
Armor: Scale mail        ||    91
Dodge: Dodged            ||    50
Block: Kite shield       ||    86
